[Event "Titled Tuesday Blitz December 7 2021"]
[White "Shpanko, Nadiia"]
[Black "Dzhaparov, Medet"]
[WhiteFideId "14132400"]
[BlackFideId "13803689"]
[WhiteElo "2139"]
[BlackElo "1702"]
[Result "1/2-1/2"]
[Round "09"]
[TimeControl "180+1"]
[Date "2021.12.07"]
[WhiteClock "0:00:06"]
[BlackClock "0:00:05"]

1. e4 e5 2. Nf3 Nc6 3. Nc3 Nf6 4. d4 exd4 5. Nxd4 Nxe4 6. Nxc6 Nxc3 7. Nxd8 Nxd1 8. Nxf7 Kxf7 9. Bc4+ Kf6 10. Kxd1 Bc5 11. Be3 Bxe3 12. fxe3 d5 13. Bd3 Be6 14. Rf1+ Ke5 15. Kd2 Raf8 16. c3 g6 17. g3 Bh3 18. Rf4 g5 19. Rxf8 Rxf8 20. Ke2 Bg4+ 21. Ke1 Rf3 22. Bxh7 Rxe3+ 23. Kf1 c5 24. Re1 Rxe1+ 25. Kxe1 d4 26. Kd2 b5 27. h4 gxh4 28. gxh4 Bh5 29. Bd3 c4 30. cxd4+ Kxd4 31. Bf1 b4 32. Bg2 a5 33. Bc6 c3+ 34. bxc3+ bxc3+ 35. Kc1 Kc4 36. Ba4 Kb4 37. Bb3 a4 38. Be6 Kc5 39. Kc2 Kd4 40. Bf5 a3 41. Kb3 Bd1+ 42. Kxa3 Ke3 43. Bg6 Kd2 44. Kb4 Bc2 45. Bh5 Bd3 46. Bd1 Bg6 47. Bb3 c2 48. Bxc2 Kxc2 49. a4 Kd2 50. a5 Ke3 51. a6 Kf4 52. a7 Be4 53. h5 Kg5 54. h6 Kxh6 55. a8=Q Bxa8 1/2-1/2


[Site "https://www.chess.com"]

[Event "Titled Tuesday Blitz December 7 2021"]
[White "Shvedova, Alexandra"]
[Black "Sadykov, Ramil"]
[WhiteFideId "54154782"]
[BlackFideId "24113590"]
[WhiteElo "1920"]
[BlackElo "2300"]
[Result "0-1"]
[Round "09"]
[TimeControl "180+1"]
[Date "2021.12.07"]
[WhiteClock "0:00:32"]
[BlackClock "0:00:44"]

1. e4 c5 2. Ne2 Nc6 3. d4 cxd4 4. Nxd4 Nf6 5. Nc3 d6 6. Bg5 Bd7 7. Bb5 Qa5 8. Bxf6 gxf6 9. Bxc6 bxc6 10. O-O Rg8 11. Qf3 Rb8 12. b3 Qg5 13. Qg3 h5 14. Qxg5 fxg5 15. Rfe1 Bg7 16. Rad1 Rb4 17. Nce2 h4 18. c3 Rb6 19. c4 Ra6 20. Rd2 c5 21. Nf5 Be5 22. Ne3 g4 23. Nd5 Kd8 24. Nc1 e6 25. Ne3 Bc3 26. Red1 Bxd2 27. Rxd2 Ke7 28. Ne2 Bc6 29. Nc3 Rb6 30. Kf1 f6 31. f3 gxf3 32. gxf3 a5 33. Rg2 Rxg2 34. Nxg2 a4 35. bxa4 Rb4 36. Nxh4 Rxc4 37. Nb1 Rc1+ 38. Kf2 Rxb1 39. Kg3 Bxa4 40. Kg4 Kf7 41. Kh5 Rg1 42. a3 c4 43. f4 Be8 44. Kh6 Rg4 45. Ng6 Rxg6+ 46. Kh7 Rg4 47. Kh6 Rh4# 0-1


[Site "https://www.chess.com"]

[Event "Titled Tuesday Blitz December 7 2021"]
[White "Shyaamnikhil P"]
[Black "Donchenko, Alexander"]
[WhiteFideId "5024218"]
[BlackFideId "24603295"]
[WhiteElo "2300"]
[BlackElo "2494"]
[Result "1/2-1/2"]
[Round "09"]
[TimeControl "180+1"]
[Date "2021.12.07"]
[WhiteClock "0:00:50"]
[BlackClock "0:00:36"]

1. e3 c5 2. c4 Nf6 3. Nc3 Nc6 4. Nf3 g6 5. d4 cxd4 6. exd4 d5 7. cxd5 Nxd5 8. Qb3 e6 9. Bb5 Bg7 10. Nxd5 Qxd5 11. Qxd5 exd5 12. O-O O-O 13. Bxc6 bxc6 14. Bf4 Bd7 15. Be5 f6 16. Bd6 Rfe8 17. Rfe1 Kf7 18. Nd2 h5 19. f4 Bh6 20. g3 Rxe1+ 21. Rxe1 Re8 22. Rxe8 Bxe8 23. Nb3 Ke6 24. Bc5 a6 25. Bb4 Kf5 26. Nc5 h4 27. Nxa6 Ke4 28. Nc7 Bd7 29. Bc5 Kf3 30. a4 hxg3 31. hxg3 Kxg3 32. a5 Bxf4 33. Ne8 Bxe8 34. a6 Bd7 35. a7 Bh3 36. Bd6 Bxd6 37. a8=Q Bf4 38. Qa3+ Kh4 39. Kf2 g5 40. Qf8 f5 41. Qh6+ Kg4 42. Qxc6 Bg3+ 43. Ke2 Bg2 44. b4 f4 45. Qe6+ Kh4 46. Qh6+ Kg4 47. Qe6+ Kh4 48. Qh6+ Kg4 49. Qe6+ 1/2-1/2


[Site "https://www.chess.com"]

[Event "Titled Tuesday Blitz December 7 2021"]
[White "Sinitsina, Anastassia"]
[Black "Gubsky, Egor"]
[WhiteFideId "4504640"]
[BlackFideId "4194055"]
[WhiteElo "2161"]
[BlackElo "2258"]
[Result "1/2-1/2"]
[Round "09"]
[TimeControl "180+1"]
[Date "2021.12.07"]
[WhiteClock "0:00:10"]
[BlackClock "0:00:07"]

1. Nf3 Nf6 2. g3 b6 3. Bg2 Bb7 4. O-O e6 5. d3 d5 6. Nbd2 c5 7. c3 Be7 8. a3 O-O 9. b4 a5 10. b5 Nbd7 11. Bb2 e5 12. c4 d4 13. Re1 e4 14. Ng5 Ne8 15. Ngxe4 f5 16. Nf6+ Nexf6 17. Bxb7 Ra7 18. Bg2 Bd6 19. Nf3 f4 20. Ng5 Qe8 21. Bc1 h6 22. Ne4 Nxe4 23. dxe4 fxg3 24. hxg3 Qf7 25. f4 Qxc4 26. e5 Nxe5 27. fxe5 Bxe5 28. Qd3 Qe6 29. Qe4 Kh8 30. Bf4 Re7 31. Bxe5 Qxe5 32. Qxe5 Rxe5 33. Bf3 c4 34. Rad1 d3 35. Kf2 g5 36. g4 Re4 37. exd3 Rxg4 38. Re6 Rgf4 39. Rxh6+ Kg7 40. Rh3 g4 41. Rg1 Rxf3+ 42. Rxf3 Rxf3+ 43. Ke1 Re3+ 44. Kf2 Rf3+ 45. Ke1 Re3+ 46. Kf2 Rxd3 47. Rxg4+ Kf7 48. Rxc4 Rxa3 49. Rc6 Rb3 50. Rxb6 Ke7 51. Ke2 Kd7 52. Kd2 Kc7 53. Rc6+ Kb7 54. Rc5 Kb6 55. Rh5 Rg3 56. Kc2 a4 57. Kb2 Ka5 58. Ka2 Rg2+ 59. Ka3 Rg3+ 60. Ka2 Rb3 61. Rg5 Rb4 62. Ka3 Rb3+ 63. Ka2 Rh3 64. Rf5 Kb4 65. b6 Rh2+ 66. Kb1 Rh1+ 67. Ka2 Rh2+ 68. Kb1 a3 69. b7 Rb2+ 70. Ka1 Ka4 71. Rf7 Rb6 72. Re7 Ka5 73. Rd7 Ka6 74. Ka2 Rb2+ 75. Kxa3 Rxb7 76. Rxb7 Kxb7 1/2-1/2


[Site "https://www.chess.com"]

[Event "Titled Tuesday Blitz December 7 2021"]
[White "Sokolin, Leonid"]
[Black "Golubka, Petro"]
[WhiteFideId "2009161"]
[BlackFideId "14114224"]
[WhiteElo "2394"]
[BlackElo "2392"]
[Result "1/2-1/2"]
[Round "09"]
[TimeControl "180+1"]
[Date "2021.12.07"]
[WhiteClock "0:00:17"]
[BlackClock "0:00:53"]

1. e4 c5 2. Nf3 d6 3. Bb5+ Nd7 4. a4 a6 5. Be2 Ngf6 6. Nc3 e5 7. d3 Be7 8. Nd2 O-O 9. Nc4 Nb6 10. Ne3 Be6 11. a5 Nc8 12. g4 b5 13. g5 Ne8 14. h4 Nc7 15. Bg4 b4 16. Bxe6 fxe6 17. Ne2 Nb5 18. Nc4 Nca7 19. Be3 Nc6 20. Ng3 d5 21. Nb6 Rb8 22. Qg4 Ncd4 23. O-O Kh8 24. Bxd4 Nxd4 25. Kg2 Rf4 26. Qh3 Nxc2 27. Qxe6 Nxa1 28. Nxd5 Nc2 29. Nxe7 Nd4 30. Qxe5 Rxh4 31. Nef5 Nxf5 32. exf5 Qe8 33. Qxc5 Rc8 34. Qb6 Qe5 35. Qe6 Qc7 36. f6 Qb7+ 37. Ne4 gxf6 38. Qxf6+ Qg7 39. Kg3 Rh5 40. Qxg7+ Kxg7 41. f4 Rc2 42. Rf2 Rxf2 43. Nxf2 h6 44. Ne4 hxg5 45. fxg5 Rh1 46. Nc5 Rb1 47. b3 Kg6 48. Kf4 Rf1+ 49. Ke4 Rf5 50. d4 Kxg5 51. d5 Rf1 52. Nxa6 Ra1 53. Nxb4 Rxa5 54. Ke5 Rb5 55. Nc6 Rxb3 56. d6 Rb5+ 57. Ke6 Rb6 58. Kd5 Rb5+ 59. Ke6 Rb6 60. Kd5 Rb5+ 61. Ke6 1/2-1/2


[Site "https://www.chess.com"]

[Event "Titled Tuesday Blitz December 7 2021"]
[White "Solon, Nathan"]
[Black "Zhuravleva, Olga"]
[WhiteFideId "2017229"]
[BlackFideId "4145933"]
[WhiteElo "2554"]
[BlackElo "2119"]
[Result "1/2-1/2"]
[Round "09"]
[TimeControl "180+1"]
[Date "2021.12.07"]
[WhiteClock "0:00:27"]
[BlackClock "0:00:17"]

1. d4 Nf6 2. c4 e6 3. g3 Be7 4. Bg2 O-O 5. Nf3 d6 6. O-O Nbd7 7. Nc3 c5 8. d5 e5 9. a3 Re8 10. b4 b6 11. e4 a6 12. h3 Qc7 13. Qb3 Bf8 14. Be3 g6 15. Nd2 Nh5 16. Qc2 Bg7 17. Na4 cxb4 18. axb4 b5 19. Nc3 bxc4 20. Rfb1 Rb8 21. Bf1 Nb6 22. Na4 Nxa4 23. Rxa4 Bd7 24. Rxa6 Bb5 25. Ra7 Rb7 26. Rba1 Rc8 27. Nb1 Rxa7 28. Rxa7 Qb8 29. Nc3 Be8 30. Qb1 Bh6 31. Qe1 Bxe3 32. Qxe3 Qxb4 33. h4 Nf6 34. Bh3 Rb8 35. Kh2 h5 36. Rc7 Rb7 37. Rc8 Rb8 38. Rc7 Rb7 39. Rc8 Rb8 40. Rc7 1/2-1/2


[Site "https://www.chess.com"]

[Event "Titled Tuesday Blitz December 7 2021"]
[White "Stepanencu, Nicodim-Cosmin"]
[Black "Gevorgyan, Maria"]
[WhiteFideId "1256220"]
[BlackFideId "13300270"]
[WhiteElo "1704"]
[BlackElo "2210"]
[Result "0-1"]
[Round "09"]
[TimeControl "180+1"]
[Date "2021.12.07"]
[WhiteClock "0:00:01"]
[BlackClock "0:00:33"]

1. e4 c5 2. Nf3 Nc6 3. b3 g6 4. Bb2 Nf6 5. e5 Nd5 6. e6 f6 7. exd7+ Bxd7 8. Bc4 Nb6 9. Bd3 Bg7 10. O-O O-O 11. Re1 e5 12. a4 a5 13. Na3 Nd5 14. Bc4 Be6 15. c3 Bf7 16. d4 cxd4 17. cxd4 exd4 18. Nxd4 Nxd4 19. Bxd4 Nf4 20. Re4 g5 21. Bc5 Qxd1+ 22. Rxd1 Rfd8 23. Rde1 Bxc4 24. Rxc4 Rd7 25. Bb6 Nd3 26. Rd1 f5 27. Nb5 Re8 28. Kf1 Rde7 29. g3 Nb2 30. Rd5 Nxc4 31. bxc4 f4 32. Kg2 fxg3 33. hxg3 h6 34. Nd6 Rf8 35. Rxa5 Re6 36. Rd5 Rff6 37. c5 Re2 38. Nf5 Bf8 39. Bd8 Ra6 40. a5 Rae6 41. Bc7 Rc2 42. Bd6 Ra2 43. Nd4 Rf6 44. Bc7 Rfxf2+ 45. Kh3 Rf7 46. Ne6 Re2 47. Nxf8 Rxc7 48. Ne6 Rxe6 49. Kg4 Rec6 50. Kh5 Rxc5 51. Rd8+ Kg7 52. Rb8 Rxa5 53. g4 Ra1 54. Rxb7 0-1


[Site "https://www.chess.com"]

[Event "Titled Tuesday Blitz December 7 2021"]
[White "Svane, Rasmus"]
[Black "Nakamura, Hikaru"]
[WhiteFideId "4657101"]
[BlackFideId "2016192"]
[WhiteElo "2643"]
[BlackElo "2884"]
[Result "1/2-1/2"]
[Round "09"]
[TimeControl "180+1"]
[Date "2021.12.07"]
[WhiteClock "0:00:06"]
[BlackClock "0:00:03"]

1. Nf3 d5 2. g3 g6 3. Bg2 Bg7 4. d4 Nd7 5. O-O Nb6 6. a4 a5 7. b3 Nf6 8. Nbd2 Ne4 9. Bb2 O-O 10. c4 c6 11. e3 Bg4 12. cxd5 Nxd2 13. Qxd2 Nxd5 14. Ne5 Bxe5 15. dxe5 Nb4 16. Qc3 Qd3 17. Qc5 Rfe8 18. Bc3 b6 19. Qd4 Red8 20. Qxg4 Qxc3 21. e6 f5 22. Qh4 Qf6 23. Qc4 Rd6 24. Rad1 Rad8 25. Rxd6 Rxd6 26. h4 Qxe6 27. Qc3 Rd3 28. Qa1 Qf6 29. Qb1 Qd6 30. h5 Kg7 31. Qa1+ Qf6 32. Qb1 c5 33. hxg6 hxg6 34. Rd1 Qc3 35. Rxd3 Nxd3 36. Qd1 Qc1 37. Qxc1 Nxc1 38. Bd5 Ne2+ 39. Kf1 Nc3 40. Bc4 Kf6 41. f3 g5 42. Ke1 Na2 43. Kd2 Nb4 44. f4 e6 45. fxg5+ Kxg5 46. Bxe6 Nc6 47. Ke2 Ne5 48. Kf2 Ng4+ 49. Kf3 Nf6 50. Bc8 Ne4 51. Be6 Kf6 52. Bc4 Ke5 53. Ke2 Nxg3+ 54. Kf3 Ne4 55. Ke2 Nd6 56. Bd3 Ne8 57. Kf3 Nf6 58. Bc4 Ne4 59. Ke2 f4 60. exf4+ Kxf4 61. Kd3 Nd6 62. Bd5 Ke5 63. Bg8 Nf5 64. Bc4 Nd4 65. Bg8 Kd6 66. Kc4 Nc6 67. Kb5 Kc7 68. Kc4 Nd4 69. Kc3 Nf5 70. Kc4 Nd6+ 71. Kd5 Ne8 72. Kc4 Ng7 73. Bf7 Nf5 74. Kc3 Nd6 75. Bg8 Kd7 76. Bd5 Ke7 77. Kd3 Kf6 78. Kc3 Kf5 79. Bg8 Kf4 80. Be6 Ke3 81. Bg8 Ke2 82. Kc2 Nf5 83. Kc3 Nd6 84. Bd5 Kd1 85. Be6 Kc1 86. Bg8 Kb1 87. Bd5 Ka2 88. b4+ Kb1 89. bxc5 bxc5 90. Bb3 Kc1 91. Bc2 Nc8 92. Kc4 Kxc2 93. Kxc5 Kc3 94. Kb5 Kd4 95. Kxa5 Kc5 96. Ka6 Kc6 97. a5 Nd6 98. Ka7 Kc7 99. Ka6 Kc6 100. Ka7 Nc4 101. Kb8 Nxa5 1/2-1/2


[Site "https://www.chess.com"]

[Event "Titled Tuesday Blitz December 7 2021"]
[White "Svicevic, Rastko"]
[Black "Malka, Samuel"]
[WhiteFideId "916315"]
[BlackFideId "20643675"]
[WhiteElo "2098"]
[BlackElo "2459"]
[Result "0-1"]
[Round "09"]
[TimeControl "180+1"]
[Date "2021.12.07"]
[WhiteClock "0:00:03"]
[BlackClock "0:00:06"]

1. d4 Nf6 2. Bg5 d5 3. Bxf6 gxf6 4. e3 e5 5. Nd2 c5 6. c3 Nc6 7. g3 Be6 8. Ne2 h5 9. h4 Qd7 10. Bg2 O-O-O 11. dxc5 Bxc5 12. b4 Bb6 13. O-O Bh3 14. a4 Bxg2 15. Kxg2 Bc7 16. Nb3 Rhg8 17. Ng1 f5 18. a5 f4 19. b5 Ne7 20. b6 axb6 21. axb6 Bb8 22. Nc5 Qd6 23. Ra5 fxg3 24. fxg3 e4 25. Rf4 Ng6 26. Nh3 Nxf4+ 27. Nxf4 Qxb6 28. Qxh5 Bxf4 29. Qf5+ Kb8 30. Qxf4+ Qd6 31. Rb5 Qxf4 32. exf4 Kc7 33. Nxb7 Kc6 34. Rb4 Rb8 35. Na5+ Kc5 36. Rd4 Rb5 0-1


[Site "https://www.chess.com"]

[Event "Titled Tuesday Blitz December 7 2021"]
[White "Tasev, Dejan"]
[Black "Terletsky, Oleg"]
[WhiteFideId "936618"]
[BlackFideId "14116774"]
[WhiteElo "2253"]
[BlackElo "2055"]
[Result "1-0"]
[Round "09"]
[TimeControl "180+1"]
[Date "2021.12.07"]
[WhiteClock "0:00:09"]
[BlackClock "0:00:01"]

1. e4 e5 2. Nf3 Nc6 3. Bc4 Nf6 4. d3 h6 5. Nc3 d6 6. Bb3 Na5 7. h3 Nxb3 8. axb3 c5 9. O-O g6 10. Be3 Bg7 11. Nd2 O-O 12. f4 exf4 13. Bxf4 Nh5 14. Be3 Qh4 15. Nf3 Qd8 16. Qd2 Kh7 17. g4 Nf6 18. Rf2 b6 19. Raf1 d5 20. e5 Nxg4 21. hxg4 d4 22. Rg2 dxc3 23. bxc3 Bb7 24. d4 cxd4 25. cxd4 b5 26. Rh2 Qd7 27. Qg2 Kg8 28. c3 Rac8 29. Bxh6 Bxh6 30. Rxh6 Kg7 31. g5 Rxc3 32. Rf2 Rc1+ 33. Kh2 Bxf3 34. Rxf3 Qxd4 35. Rfh3 Qf4+ 36. Qg3 Rc2+ 37. Kh1 Qe4+ 38. Kg1 Qd4+ 39. Kf1 Qd1+ 40. Qe1 Qxe1+ 41. Kxe1 Rg8 42. Rh7+ Kf8 43. Rf3 Rg7 44. Rh8+ Ke7 45. Rb8 Rh7 46. Rb7+ Ke6 47. Rf6+ Kxe5 48. Re7+ Kd4 49. Rd6+ Kc5 50. Rf6 1-0


[Site "https://www.chess.com"]

[Event "Titled Tuesday Blitz December 7 2021"]
[White "Terry, Renato"]
[Black "Vakhlamov, Igor L."]
[WhiteFideId "3803457"]
[BlackFideId "24126748"]
[WhiteElo "2577"]
[BlackElo "2416"]
[Result "1/2-1/2"]
[Round "09"]
[TimeControl "180+1"]
[Date "2021.12.07"]
[WhiteClock "0:00:05"]
[BlackClock "0:00:14"]

1. Nh3 d5 2. g3 Nc6 3. Bg2 e5 4. d3 Nf6 5. f4 Bg4 6. Nf2 h5 7. Nxg4 hxg4 8. e3 exf4 9. gxf4 Bc5 10. d4 Bd6 11. a3 Ne7 12. c4 c6 13. Nc3 Qd7 14. cxd5 cxd5 15. Qb3 O-O-O 16. Bd2 Qf5 17. O-O-O Kb8 18. Qc2 g6 19. h3 gxh3 20. Rxh3 Qxc2+ 21. Kxc2 Rxh3 22. Bxh3 Rh8 23. Rh1 Ne4 24. Bg2 Rxh1 25. Bxh1 f5 26. Be1 Kc7 27. Bxe4 dxe4 28. Nb5+ Kd7 29. Nxd6 Kxd6 30. Bb4+ Ke6 31. Bxe7 Kxe7 32. Kd2 Kf6 33. Ke2 g5 34. fxg5+ Kxg5 35. Kf2 f4 36. d5 fxe3+ 37. Kxe3 Kf5 38. Kd4 a6 39. a4 e3 40. Kxe3 Ke5 41. d6 Kxd6 42. Kd4 Kc6 43. b4 b6 44. Kc4 b5+ 45. axb5+ axb5+ 46. Kd4 Kd6 47. Ke4 Ke6 48. Kd4 Kd6 49. Ke4 Ke6 50. Kd4 Kd6 1/2-1/2


[Site "https://www.chess.com"]

[Event "Titled Tuesday Blitz December 7 2021"]
[White "Todorovic, Bojan"]
[Black "Gunduz, Umut Erdem"]
[WhiteFideId "917087"]
[BlackFideId "6381383"]
[WhiteElo "2266"]
[BlackElo "2096"]
[Result "0-1"]
[Round "09"]
[TimeControl "180+1"]
[Date "2021.12.07"]
[WhiteClock "0:00:18"]
[BlackClock "0:01:09"]

1. d4 Nf6 2. c4 c5 3. d5 e6 4. Nc3 exd5 5. cxd5 d6 6. Nf3 g6 7. Nd2 Bg7 8. Nc4 O-O 9. Bf4 Ne8 10. Qd2 a6 11. a4 Qc7 12. Ne4 Nd7 13. Nexd6 Qd8 14. Nxc8 Rxc8 15. e3 b5 16. axb5 axb5 17. Na3 c4 18. Be2 c3 19. Qd3 cxb2 20. Rb1 Rc1+ 21. Bd1 Qa5+ 22. Ke2 Rc3 23. Qxb5 Rxa3 24. Qxd7 Nf6 25. Qc6 Nxd5 26. Bd6 Nc3+ 27. Kf3 Nxb1 28. Bc2 Rc3 29. Qe4 Nd2+ 0-1


[Site "https://www.chess.com"]

[Event "Titled Tuesday Blitz December 7 2021"]
[White "Tologon tegin, Semetei"]
[Black "Samadov, Read"]
[WhiteFideId "13800574"]
[BlackFideId "13417444"]
[WhiteElo "2224"]
[BlackElo "2084"]
[Result "0-1"]
[Round "09"]
[TimeControl "180+1"]
[Date "2021.12.07"]
[WhiteClock "0:00:03"]
[BlackClock "0:00:31"]

1. d4 Nf6 2. Nc3 d5 3. Bf4 c5 4. e3 cxd4 5. exd4 a6 6. h3 Nc6 7. Nf3 Bf5 8. a3 e6 9. Bd3 Bxd3 10. Qxd3 Bd6 11. Bg5 h6 12. Bd2 O-O 13. O-O Rc8 14. Rae1 Na5 15. Ne5 Nc4 16. Nxc4 Rxc4 17. Ne2 Ne4 18. Bc1 Qc7 19. c3 b5 20. f3 Nf6 21. g4 Rc8 22. f4 Ne4 23. Ng3 Nxc3 24. Bd2 Na4 25. b3 Rxd4 26. Qxd4 Bc5 27. Be3 Bxd4 28. Bxd4 Nb6 29. Nh5 Nd7 30. Nxg7 Qc2 31. Nh5 Qd3 32. Be3 Rc2 33. Rf2 Rxf2 34. Kxf2 d4 35. Bc1 Qxh3 36. Ng3 Qxg4 37. Rg1 Kf8 38. Ne4 Qh4+ 39. Kf1 Qh3+ 40. Kf2 f5 41. Nd6 Qc3 42. a4 b4 0-1


[Site "https://www.chess.com"]

[Event "Titled Tuesday Blitz December 7 2021"]
[White "Vifleemskaia, Svetlana"]
[Black "Demin, Vladimir"]
[WhiteFideId "4129490"]
[BlackFideId "4167457"]
[WhiteElo "1918"]
[BlackElo "2495"]
[Result "0-1"]
[Round "09"]
[TimeControl "180+1"]
[Date "2021.12.07"]
[WhiteClock "0:00:02"]
[BlackClock "0:00:35"]

1. d4 Nf6 2. c4 e5 3. dxe5 Ng4 4. Bf4 Bb4+ 5. Nd2 d6 6. Nf3 Nc6 7. exd6 Qf6 8. a3 Bc5 9. e3 Qxb2 10. Qc1 Qxc1+ 11. Rxc1 Bxa3 12. Rd1 Bxd6 13. Bxd6 cxd6 14. Ne4 Ke7 15. Rxd6 Bf5 16. Nfd2 Nf6 17. Nxf6 Kxd6 18. Nd5 a5 19. e4 Be6 20. f4 a4 21. Bd3 Bxd5 22. cxd5 Nb4 23. Bc4 a3 24. Ke2 Rhc8 25. Bb3 Rc3 26. Ra1 a2 27. e5+ Kd7 28. Ne4 Rxb3 29. Nc5+ Kd8 30. Nxb3 Nc2 31. Kd3 Nxa1 32. Nxa1 Ra3+ 33. Kc2 b5 34. Kb2 b4 35. Nc2 Rc3 36. Nxb4 Rb3+ 37. Kxb3 a1=Q 38. Kc4 Qb2 39. e6 fxe6 40. dxe6 Ke7 41. f5 Qe2+ 0-1


[Site "https://www.chess.com"]

[Event "Titled Tuesday Blitz December 7 2021"]
[White "Vovk, Orest"]
[Black "Begmuratov, Khumoyun"]
[WhiteFideId "14113490"]
[BlackFideId "14210207"]
[WhiteElo "2203"]
[BlackElo "1961"]
[Result "0-1"]
[Round "09"]
[TimeControl "180+1"]
[Date "2021.12.07"]
[WhiteClock "0:00:03"]
[BlackClock "0:00:29"]

1. e4 c5 2. Nf3 e6 3. c3 Nf6 4. e5 Nd5 5. d4 cxd4 6. cxd4 Nc6 7. Nc3 d6 8. Nxd5 exd5 9. exd6 Bxd6 10. Be2 O-O 11. O-O Re8 12. h3 Bf5 13. Bd3 Bxd3 14. Qxd3 Rc8 15. Ng5 g6 16. Nf3 Nb4 17. Qb3 Qb6 18. Bd2 Nc2 19. Qxb6 axb6 20. Rac1 b5 21. Bc3 Nb4 22. Bxb4 Bxb4 23. Ne5 Kg7 24. Nd3 Bd6 25. Rxc8 Rxc8 26. Rc1 Rc4 27. Rxc4 dxc4 28. Nc1 Kf6 29. Kf1 Ke6 30. Ne2 b4 31. Ke1 Kd5 32. Kd2 Be7 33. Ke3 Bg5+ 34. f4 Bf6 35. b3 b5 36. g4 g5 37. f5 Be7 38. Ng1 Bd6 39. Nf3 Bf4+ 40. Ke2 Ke4 41. h4 gxh4 42. Nxh4 c3 43. Nf3 c2 44. Nd2+ Kxd4 45. Nf3+ Kd5 0-1


[Site "https://www.chess.com"]

[Event "Titled Tuesday Blitz December 7 2021"]
[White "Wadsworth, Matthew J"]
[Black "Khanin, Semen"]
[WhiteFideId "415804"]
[BlackFideId "4111990"]
[WhiteElo "2293"]
[BlackElo "2442"]
[Result "0-1"]
[Round "09"]
[TimeControl "180+1"]
[Date "2021.12.07"]
[WhiteClock "0:00:03"]
[BlackClock "0:01:35"]

1. c4 g6 2. g3 Bg7 3. Bg2 c5 4. Nc3 Nc6 5. Nf3 d6 6. O-O e5 7. a3 Nge7 8. b4 O-O 9. Rb1 Rb8 10. d3 b6 11. Ne1 h6 12. Nc2 f5 13. Ne3 f4 14. Ned5 Nd4 15. e3 f3 16. Nxe7+ Qxe7 17. Bh1 Bh3 18. Re1 Ne6 19. Nd5 Qf7 20. e4 Nd4 21. Be3 h5 22. Bxd4 cxd4 23. Qd2 Kh7 24. b5 Bh6 25. Qc2 h4 26. Rb2 hxg3 27. fxg3 g5 28. Qf2 g4 29. a4 Rbc8 30. Ra2 Rc5 31. a5 bxa5 32. Rb2 a4 33. Ra2 Rxd5 34. exd5 a3 0-1


[Site "https://www.chess.com"]

[Event "Titled Tuesday Blitz December 7 2021"]
[White "Yilmaz, Mustafa"]
[Black "Garagulya, Konstantin"]
[WhiteFideId "6302718"]
[BlackFideId "4128931"]
[WhiteElo "2568"]
[BlackElo "2329"]
[Result "1-0"]
[Round "09"]
[TimeControl "180+1"]
[Date "2021.12.07"]
[WhiteClock "0:00:26"]
[BlackClock "0:00:01"]

1. e4 c5 2. b3 Nc6 3. Bb2 a6 4. f4 d6 5. Nf3 e6 6. d4 cxd4 7. Nxd4 Bd7 8. Bd3 Nf6 9. Qe2 Be7 10. Nf3 O-O 11. O-O Rc8 12. a3 Qb6+ 13. Kh1 Rfd8 14. Nbd2 Qc7 15. e5 Nd5 16. Ng5 Bxg5 17. exd6 Qxd6 18. fxg5 Nf4 19. Qf3 e5 20. Nc4 Qe6 21. Be4 b5 22. Nb6 Rc7 23. Nd5 Rcc8 24. Rad1 Be8 25. g3 Nxd5 26. Bxd5 Qg6 27. c4 bxc4 28. bxc4 Nd4 29. Bxd4 exd4 30. h4 Rc7 31. Rxd4 Rcd7 32. Re4 1-0


[Site "https://www.chess.com"]

[Event "Titled Tuesday Blitz December 7 2021"]
[White "Yoo, Christopher Woojin"]
[Black "Arencibia Monduy, Antonio"]
[WhiteFideId "30909694"]
[BlackFideId "3507939"]
[WhiteElo "2105"]
[BlackElo "2642"]
[Result "1-0"]
[Round "09"]
[TimeControl "180+1"]
[Date "2021.12.07"]
[WhiteClock "0:01:05"]
[BlackClock "0:00:01"]

1. e4 e6 2. d4 d5 3. Bd3 dxe4 4. Bxe4 Nf6 5. Bf3 c5 6. Ne2 Nc6 7. Be3 e5 8. Bxc6+ bxc6 9. dxe5 Qxd1+ 10. Kxd1 Ng4 11. Nbc3 Nxe3+ 12. fxe3 g6 13. Ne4 Bf5 14. N2g3 Bg4+ 15. Ke1 Bg7 16. Nf6+ Bxf6 17. exf6 O-O-O 18. h3 Be6 19. Rf1 Rhe8 20. Rf4 g5 21. Ra4 Kb7 22. Rd1 Rxd1+ 23. Kxd1 Bd5 24. e4 Be6 25. Ke2 Rd8 26. e5 Kb6 27. b3 c4 28. bxc4 Rd4 29. Ke3 Rd1 30. Ne4 Re1+ 31. Kd4 Rd1+ 32. Kc3 Rg1 33. Nxg5 Bf5 34. e6 fxe6 35. f7 1-0


[Site "https://www.chess.com"]

[Event "Titled Tuesday Blitz December 7 2021"]
[White "Yurovskykh, Oleksandr"]
[Black "Gabdushev, Ruslan"]
[WhiteFideId "14134020"]
[BlackFideId "4137833"]
[WhiteElo "2292"]
[BlackElo "2312"]
[Result "1-0"]
[Round "09"]
[TimeControl "180+1"]
[Date "2021.12.07"]
[WhiteClock "0:00:56"]
[BlackClock "0:00:38"]

1. d4 c6 2. Bf4 h6 3. e3 d6 4. Nf3 g5 5. Bg3 Bg7 6. c4 Qa5+ 7. Nc3 h5 8. h4 g4 9. Nd2 Nd7 10. Qc2 Nf8 11. Bd3 Nh6 12. O-O-O a6 13. Nb3 Qd8 14. c5 d5 15. e4 Be6 16. Rhe1 a5 17. exd5 Bxd5 18. Nxd5 Qxd5 19. Be4 Qd7 20. d5 cxd5 21. Bxd5 Qc8 22. c6 b5 23. c7 Ne6 24. Bc6+ Kf8 25. Bxa8 1-0


[Site "https://www.chess.com"]

[Event "Titled Tuesday Blitz December 7 2021"]
[White "Zhigalko, Sergei"]
[Black "Alinasab, Mobina"]
[WhiteFideId "13502956"]
[BlackFideId "12528897"]
[WhiteElo "2662"]
[BlackElo "2061"]
[Result "1-0"]
[Round "09"]
[TimeControl "180+1"]
[Date "2021.12.07"]
[WhiteClock "0:00:20"]
[BlackClock "0:00:05"]

1. e4 c5 2. Nf3 d6 3. d4 cxd4 4. Qxd4 Nc6 5. Bb5 Bd7 6. Bxc6 bxc6 7. c4 e5 8. Qd3 h6 9. Nc3 Qc7 10. O-O Nf6 11. Be3 Be6 12. Rac1 Qb7 13. b3 Rd8 14. Qc2 Qb8 15. h3 Be7 16. Rfd1 O-O 17. Rd2 Rc8 18. Rcd1 Rfd8 19. Qb1 Rd7 20. Rd3 Rcd8 21. Qa1 Ne8 22. Na4 f5 23. exf5 Bxf5 24. R3d2 Be4 25. Nxe5 Rc7 26. Nd3 Qc8 27. Qd4 Bg6 28. Qg4 Bf5 29. Qg3 Kh8 30. Nf4 Nf6 31. Ng6+ Bxg6 32. Qxg6 Qe6 33. Nc5 Qc8 34. Nd3 Bf8 35. Nf4 Ng8 36. Bd4 Ne7 37. Qxh6+ Kg8 38. Qh5 Nf5 39. Ng6 Nxd4 40. Rxd4 Qe6 41. Rf4 1-0


[Site "https://www.chess.com"]

[Event "Titled Tuesday Blitz December 7 2021"]
[White "Aldokhin, Ivan"]
[Black "Santos Flores, Alberto"]
[WhiteFideId "24115720"]
[BlackFideId "3601234"]
[WhiteElo "2231"]
[BlackElo "2293"]
[Result "0-1"]
[Round "10"]
[TimeControl "180+1"]
[Date "2021.12.07"]
[WhiteClock "0:00:01"]
[BlackClock "0:00:45"]

1. d4 d5 2. c4 c6 3. Nc3 Nf6 4. cxd5 cxd5 5. Bf4 Nc6 6. e3 Bf5 7. Nf3 e6 8. Qb3 Qb6 9. Qxb6 axb6 10. Nh4 Bg6 11. Nxg6 hxg6 12. Bb5 Bb4 13. Ke2 Ke7 14. Bc7 Nd7 15. Rhc1 Bd6 16. Bxd6+ Kxd6 17. h3 Rhc8 18. a3 Na5 19. Rc2 Nc4 20. Bxc4 Rxc4 21. Nb5+ Kc6 22. Rxc4+ dxc4 23. Nc3 b5 24. Rc1 Nf6 25. e4 Nd7 26. Ke3 Nb6 27. Na2 Kd6 28. Nb4 Rc8 29. Rc2 Na4 30. f4 Nb6 31. Rc1 f5 32. Rc2 fxe4 33. Kxe4 Nd5 34. Na2 Rf8 35. g3 Rf5 36. Nc3 Nxc3+ 37. bxc3 g5 38. fxg5 Rxg5 39. g4 Rg6 40. Rf2 Rh6 41. Rf3 Rh8 42. Rg3 Ra8 43. Kf4 Rxa3 44. Kg5 b4 45. Kf4 Rxc3 0-1


[Site "https://www.chess.com"]